 Dungeon Crawl Stone Soup version 0.31.0-9-g3a7656b989 (webtiles) character file.

Game seed: 15767415534821381565

42 qw the Shooter (level 3, -3/20 HPs)
             Began as a Deep Elf Hunter on Feb 2, 2024.
             Slain by Sigmund
             ... wielding a +0 scythe
              (9 damage)
             ... on level 2 of the Dungeon.
             The game lasted 00:00:04 (1031 turns).

qw the Shooter (Deep Elf Hunter)                    Turns: 1031, Time: 00:00:04

Health: -3/20      AC:  5    Str: 10    XL:     3   Next: 35%
Magic:  5/5        EV: 11    Int: 13    God:
Gold:   18         SH:  0    Dex: 24    Spells: 2/2 levels left

rFire   . . .        a - +0 shortbow
rCold   . . .        (shield currently unavailable)
rNeg    . . .        d - +0 ring mail
rPois   .            (no helmet)
rElec   .            (no cloak)
rCorr   .            (no gloves)
SInv    +            (no boots)
Will    .....        (no amulet)
Stlth   ++           e - +6 ring of dexterity
HPRegen 0.23/turn    i - ring of see invisible
MPRegen 0.09/turn

%: no passive effects
@: no status effects
A: no striking features
a: no special abilities


You were on level 2 of the Dungeon.
You visited 1 branch of the dungeon, and saw 2 of its levels.

You collected 63 gold pieces.
You spent 45 gold pieces at shops.


   Skills:
 - Level 1.5 Fighting
 + Level 6.9 Ranged Weapons
 - Level 2.4 Dodging
 - Level 1.2 Stealth


You had 2 spell levels left.
You didn't know any spells.
Your spell library was empty.

Inventory:

Hand Weapons
 a - a +0 shortbow (weapon)
Armour
 d - a +0 ring mail (worn)
Jewellery
 e - a +6 ring of dexterity (left hand)
 f - an amulet of regeneration
 i - a ring of see invisible (right hand)
Scrolls
 j - a scroll of amnesia {unknown}
Potions
 b - a potion of cancellation {unknown}
 c - 2 potions of enlightenment {unknown}
 g - a potion of curing
 h - a potion of degeneration {unknown}

Dungeon Overview and Level Annotations

Branches:
Dungeon (2/15)

Altars:

Shops:
D:1 *   D:2 *

Annotations:
D:2 Sigmund


Message History

A bat comes into view.
You shoot an arrow. The arrow hits the bat.
You kill the bat!
c - 2 dark potions (gained 1)
Found a stone staircase leading down.
There is a stone staircase leading down here.
Sigmund the Dreaded comes into view.
He is wielding a +0 scythe.
You shoot an arrow.
The arrow hits Sigmund but does no damage.
Sigmund shouts!
You hear a shout!
Sigmund gestures at you while chanting. The magic dart hits you.
You shoot an arrow. The arrow closely misses Sigmund.
Sigmund closely misses you.
A goblin comes into view. It is wielding a +0 dagger.
You shoot an arrow. The arrow barely misses Sigmund.
Sigmund casts a spell at you.
You are confused.
1026 ||| DRINKING 2 potions of curing.
You feel better.
1026 ||| (to cure confusion) Sigmund completely misses you.
You shoot an arrow. The arrow hits Sigmund.
Sigmund is lightly wounded.
Sigmund closely misses you.
You shoot an arrow.
The arrow hits Sigmund but does no damage.
Sigmund is lightly wounded.
Sigmund hits you from afar with a +0 scythe.
You shoot an arrow.
The arrow hits Sigmund but does no damage.
Sigmund is lightly wounded.
You shoot an arrow. The arrow barely misses Sigmund.
Sigmund hits you from afar with a +0 scythe!
Ouch! That really hurt!
You shoot an arrow. The arrow hits Sigmund!
Sigmund is heavily wounded.
Sigmund hits you from afar with a +0 scythe!
You die...
Sigmund begins carving another notch in his scythe.

#. #. #. #. #g
#@ ####.#####
.#....@...#
.......###.#
..#....
#.#####.#
#....###.......#
#.......>#######
### #...##.###
#.. #####...#
#.# #...# ###.#
#...# #....


You could see Sigmund and a goblin.

Vanquished Creatures
  An adder (D:2)
  2 ribbon worms (D:2)
  A ball python (D:2)
  An endoplasm (D:1)
  A giant cockroach (D:1)
  4 hobgoblins
  3 jackals (D:1)
  6 kobolds
  3 bats
  2 frilled lizards (D:2)
  3 goblins
27 creatures vanquished.

Notes
Turn   | Place    | Note
-------+----------+-------------------------------------------
     0 | D:1      | qw the Deep Elf Hunter began the quest for the Orb.
     0 | D:1      | Reached XP level 1. HP: 12/12 MP: 3/3
     0 | D:1      | 0 ||| qw: Version: 0.3-a-155-g5e7d8dd
     0 | D:1      | 0 ||| qw: Game counter: 2105
     0 | D:1      | 0 ||| qw: Melee chars always use a shield: true
     0 | D:1      | 0 ||| qw: God list: Okawaru
     0 | D:1      | 0 ||| qw: Allow faded altars: false
     0 | D:1      | 0 ||| qw: Do Orc after clearing Dungeon:15 true
     0 | D:1      | 0 ||| qw: Do second Lair branch before Depths: true
     0 | D:1      | 0 ||| qw: Lair rune preference: random
     0 | D:1      | 0 ||| qw: Goals: Normal
     0 | D:1      | 0 ||| PLANNING D:1-11
   243 | D:1      | Reached XP level 2. HP: 16/16 MP: 4/4
   258 | D:1      | Reached skill level 6 in Ranged Weapons
   663 | D:1      | Found Tosos's Assorted Antiques.
   670 | D:1      | 670 ||| BUYING emerald potion (20 gold).
   670 | D:1      | Bought an emerald potion for 20 gold pieces
   670 | D:1      | 670 ||| SHOPLISTING fizzy purple potion (20 gold, have 17).
   670 | D:1      | 670 ||| SHOPLISTING golden potion (20 gold, have 17).
   764 | D:1      | 764 ||| UPGRADING to +0 ring mail.
   774 | D:1      | 774 ||| DROPPING +0 leather armour.
   775 | D:1      | 775 ||| UPGRADING to +6 ring of dexterity.
   776 | D:1      | 776 ||| UPGRADING to ring of see invisible.
   777 | D:1      | 777 ||| READING scroll labelled LABI FYEHAO.
   778 | D:1      | 778 ||| DRINKING 2 emerald potions.
   779 | D:1      | 779 ||| DROPPING scroll of butterflies.
   815 | D:2      | Found Itur's Assorted Antiques.
   816 | D:2      | 816 ||| STAIRDANCE
   831 | D:2      | 831 ||| BUYING clear potion (25 gold).
   831 | D:2      | Bought a clear potion for 25 gold pieces
   831 | D:2      | 831 ||| SHOPLISTING glass wand (112 gold, have 18).
   831 | D:2      | 831 ||| SHOPLISTING lead wand (112 gold, have 18).
   831 | D:2      | 831 ||| SHOPLISTING murky ruby potion (25 gold, have 18).
   831 | D:2      | 831 ||| SHOPLISTING scroll labelled KIMIMP YF MUOGO (28
                  | gold, have 18).
   859 | D:2      | Reached XP level 3. HP: 20/20 MP: 5/5
  1022 | D:2      | Noticed Sigmund
  1026 | D:2      | 1026 ||| DRINKING 2 potions of curing.
  1026 | D:2      | 1026 ||| (to cure confusion)
  1031 | D:2      | Slain by Sigmund

Levels and vault maps discovered:
D:1:      dpeg_arrival_fog, layout_basic, serial_shops, nicolae_shop_peninsula
D:2:      layout_loops_cross, serial_shops, nicolae_shop_stone, uniq_sigmund

Skill      XL: |  1  2 |
---------------+-------+-----
Ranged Weapons | 6 |  6.9
Fighting       | |  1.5
Dodging        | |  2.4
Stealth        | |  1.2

Action                     || total
---------------------------++-------
   Fire: Shortbow          ||    84
    Use: Potion            ||     2
         Scroll            ||     1
 Armour: Leather armour    ||     6
         Ring mail         ||     8
  Dodge: Dodged            ||    20

Table legend:
 A = Non-vault XP
 B = Vault XP
 C = Vault XP percentage of total XP
 D = Non-vault monster count
 E = Vault monster count
 F = Vault count percentage of total count
                 A         B        C        D         E       F
            +---------+---------+-------+---------+---------+-------
      Total |      61 |       0 |   0.0 |      27 |       0 |   0.0
            +---------+---------+-------+---------+---------+-------
        D:1 |      26 |       0 |   0.0 |      15 |       0 |   0.0
        D:2 |      35 |       0 |   0.0 |      12 |       0 |   0.0
            +---------+---------+-------+---------+---------+-------
